[Event "December 19 Late 2023"]
[Site "https://www.chess.com"]
[Date "2023.12.19"]
[Round "3"]
[White "Guzman Lozano, Campo Elias"]
[Black "Buchenau, Frank"]
[Result "0-1"]
[Board "159"]
[TimeControl "180+1"]
[WhiteFideId "4403746"]
[BlackFideId "4604350"]
[WhiteElo "2099"]
[BlackElo "2157"]
[WhiteTeam "COL"]
[BlackTeam "GER"]
[WhiteClock "0:01:18"]
[BlackClock "0:00:32"]

1. d4 e6 2. Nf3 Nf6 3. c4 b6 4. Nc3 Bb4 5. g3 Bxc3+ 6. bxc3 Ba6 7. Qa4 O-O 8. Bg2 Bb7 9. O-O d6 10. Qc2 Be4 11. Qd2 Nc6 12. Ne1 Bxg2 13. Nxg2 Na5 14. Qd3 c5 15. e4 e5 16. f4 h6 17. d5 exf4 18. gxf4 Re8 19. f5 Rxe4 20. Rf4 Qe7 21. Bd2 Nxc4 22. Be1 Re8 23. Bh4 Rxf4 24. Nxf4 Qe3+ 25. Qxe3 Rxe3 26. Bxf6 gxf6 27. Kf2 Re5 28. Rg1+ Kf8 29. Rg4 Rxf5 30. Ke2 Ne5 31. Rh4 Ng6 32. Nxg6+ fxg6 33. Rxh6 Kg7 34. Rh4 Rxd5 35. c4 Rh5 0-1

[Event "December 19 Late 2023"]
[Site "https://www.chess.com"]
[Date "2023.12.19"]
[Round "3"]
[White "Marin Pincheira, Carlos"]
[Black "Harrington, Steve"]
[Result "1-0"]
[Board "160"]
[TimeControl "180+1"]
[WhiteFideId "3407543"]
[BlackFideId "2038730"]
[WhiteElo "2080"]
[BlackElo "2158"]
[WhiteTeam "CHI"]
[BlackTeam "USA"]
[WhiteClock "0:00:01"]
[BlackClock "0:00:00"]

1. Nf3 Nc6 2. d4 d5 3. Bf4 Bg4 4. e3 e6 5. Bb5 Bd6 6. h3 Bh5 7. g4 Bg6 8. Ne5 Bxe5 9. Bxe5 f6 10. Bg3 Ne7 11. c4 a6 12. Bxc6+ Nxc6 13. cxd5 Qxd5 14. O-O Bxb1 15. Qxb1 h5 16. Qg6+ Kf8 17. f3 Ne7 18. Qe4 c6 19. b3 hxg4 20. hxg4 Qxe4 21. fxe4 Kf7 22. g5 Kg6 23. gxf6 gxf6 24. Kf2 Rag8 25. Bd6 Kf7 26. Rh1 Ng6 27. Rag1 Rxh1 28. Rxh1 Rg7 29. Bc5 Ke8 30. Rg1 Kf7 31. a4 Rh7 32. Rg2 Rh1 33. Rg1 Rh2+ 34. Rg2 Rh1 35. Rg1 Rh2+ 36. Kg3 Rb2 37. Rh1 Rxb3 38. Rh7+ Kg8 39. Rd7 Rxe3+ 40. Kf2 Rxe4 41. Rxb7 e5 42. dxe5 Nxe5 43. Bb6 Rxa4 44. Re7 c5 45. Re6 c4 46. Rxf6 c3 47. Be3 Nd3+ 48. Kf3 Rc4 49. Rg6+ Kf7 50. Rxa6 c2 51. Bd2 c1=Q 52. Bxc1 Nxc1 53. Ra7+ Ke6 54. Ra6+ Kd5 55. Ra5+ Kd4 56. Ra8 Kc3 57. Rd8 Nd3 58. Rd7 Rf4+ 59. Ke3 Rd4 60. Rxd4 Nc1 61. Rd8 Nb3 62. Rc8+ Kb4 63. Kd3 Nc5+ 64. Kd4 Nb3+ 65. Kd5 Nd2 66. Rb8+ Kc3 67. Rg8 Kd3 68. Rh8 Nf3 69. Rh3 Ke3 70. Rg3 Kf4 71. Rg8 Ng5 72. Rf8+ Kg4 73. Rf1 Nf3 74. Rf2 Kf4 75. Ra2 Kg3 76. Ra3 Kf4 77. Ra4+ Ke3 78. Ra8 Kf4 79. Rf8+ Kg3 80. Rg8+ Kf4 81. Rf8+ Kg3 82. Ke4 Ng5+ 83. Ke3 Kg4 84. Rg8 Kf5 85. Rf8+ Ke5 86. Rg8 Kf5 87. Ra8 Ne6 88. Ra5+ Kf6 89. Ke4 Ng5+ 90. Kd4 Ne6+ 91. Kd5 Nf4+ 92. Kd6 Nd3 93. Rh5 Kg6 94. Rd5 Nf4 95. Re5 1-0

[Event "December 19 Late 2023"]
[Site "https://www.chess.com"]
[Date "2023.12.19"]
[Round "3"]
[White "Wieczorek, Zbigniew"]
[Black "Malek, Omid"]
[Result "1-0"]
[Board "161"]
[TimeControl "180+1"]
[WhiteFideId "1102001"]
[BlackFideId "2605384"]
[WhiteElo "2156"]
[BlackElo "2013"]
[WhiteTeam "POL"]
[BlackTeam "CAN"]
[WhiteClock "0:00:09"]
[BlackClock "0:00:06"]

1. e4 e6 2. d3 d5 3. Nd2 Bd6 4. g3 Ne7 5. Bg2 f6 6. Ne2 O-O 7. O-O c5 8. c3 Nbc6 9. f4 Kh8 10. Nf3 Rb8 11. Kh1 b5 12. Qe1 b4 13. Neg1 a5 14. e5 Bc7 15. exf6 gxf6 16. c4 Nf5 17. Ne2 d4 18. g4 Nfe7 19. Qh4 Ng6 20. Qh6 Bb7 21. Ng3 Qd7 22. Nh5 Rf7 23. Nd2 Nce7 24. Bxb7 Rxb7 25. Ne4 Ng8 26. Nhxf6 Nxh6 27. Nxd7 Nxg4 28. Ndxc5 Rb8 29. Nxe6 Re8 30. Nxc7 Rxc7 31. b3 h5 32. Bb2 Rd7 33. Rae1 Kg7 34. h3 Nf6 35. Kg2 Nh4+ 36. Kg3 Nf5+ 37. Kf3 Nh4+ 38. Kf2 Nxe4+ 39. dxe4 Kh7 40. Kg3 Ng6 41. e5 d3 42. f5 Ne7 43. e6 Rg8+ 44. Kf4 Rb7 45. Rg1 d2 46. Rd1 Rf8 47. Rg7+ Kh6 48. Rf7 Rd8 49. Bg7+ Kh7 50. Bf6+ Kh6 51. Bxe7 Rxe7 52. Rxe7 Rd3 53. f6 Rxh3 54. f7 Rh2 55. f8=Q+ Kg6 56. Rg7+ Kh6 57. Qh8# 1-0

[Event "December 19 Late 2023"]
[Site "https://www.chess.com"]
[Date "2023.12.19"]
[Round "3"]
[White "Hartikainen, Jarmo"]
[Black "Becerra, Juan David"]
[Result "0-1"]
[Board "162"]
[TimeControl "180+1"]
[WhiteFideId "503134"]
[BlackFideId "4404998"]
[WhiteElo "2151"]
[BlackElo "2293"]
[WhiteTeam "FIN"]
[BlackTeam "COL"]
[WhiteClock "0:00:40"]
[BlackClock "0:00:53"]

1. e4 e6 2. d4 d5 3. Nd2 Nc6 4. Ngf3 Nf6 5. Bd3 Nb4 6. O-O Be7 7. e5 Nd7 8. Be2 c5 9. c3 Nc6 10. Bd3 f6 11. exf6 Bxf6 12. Re1 Qe7 13. Ne5 O-O 14. Nxc6 bxc6 15. Nf3 cxd4 16. cxd4 Qf7 17. Qc2 g6 18. Bh6 Bg7 19. Bxg7 Kxg7 20. Qxc6 Rb8 21. Qxe6 Rxb2 22. Qxd5 Qxd5 0-1

[Event "December 19 Late 2023"]
[Site "https://www.chess.com"]
[Date "2023.12.19"]
[Round "3"]
[White "Kovalevsky, Stanislav"]
[Black "Quirke, Jeffrey"]
[Result "1-0"]
[Board "163"]
[TimeControl "180+1"]
[WhiteFideId "13508598"]
[BlackFideId "2013029"]
[WhiteElo "2043"]
[BlackElo "2149"]
[WhiteTeam "FID"]
[BlackTeam "USA"]
[WhiteClock "0:00:16"]
[BlackClock "0:00:00"]

1. e4 e6 2. c4 d5 3. cxd5 exd5 4. exd5 Nf6 5. Bb5+ Nbd7 6. Nc3 a6 7. Bc4 g6 8. Nf3 Bg7 9. Qe2+ Qe7 10. Qxe7+ Kxe7 11. O-O Nb6 12. d3 Rd8 13. Bf4 Nfxd5 14. Bxd5 Nxd5 15. Rfe1+ Kf8 16. Nxd5 Rxd5 17. Bxc7 Rxd3 18. Re2 Be6 19. Ng5 Bxa2 20. h3 Bd5 21. Rae1 h6 22. Bd6+ Kg8 23. Re8+ Rxe8 24. Rxe8+ Bf8 25. Bxf8 hxg5 26. Be7+ Kg7 27. Bxg5 Rb3 28. Be3 f6 29. Bd4 Kf7 30. Rd8 Be6 31. Bc3 b6 32. Ra8 a5 33. Ra7+ Ke8 34. Bxf6 Bd7 35. Kh2 a4 36. f3 b5 37. Kg3 b4 38. Kf4 Kf7 39. Bd4 Ke6 40. Ra6+ Kd5 41. Bg7 Bf5 42. Rxa4 Kc4 43. Ra5 Rd3 44. g4 Bc8 45. h4 Bb7 46. Kg5 Rxf3 47. Kxg6 1-0

[Event "December 19 Late 2023"]
[Site "https://www.chess.com"]
[Date "2023.12.19"]
[Round "3"]
[White "Fernandez Bustamante, Leancy B."]
[Black "Jesusesmifuerza"]
[Result "0-1"]
[Board "164"]
[TimeControl "180+1"]
[WhiteFideId "3523870"]
[WhiteElo "2049"]
[BlackElo "2147"]
[WhiteTeam "CUB"]
[WhiteClock "0:00:21"]
[BlackClock "0:00:04"]

1. e4 e5 2. Nf3 d5 3. exd5 e4 4. Ne5 Qxd5 5. d4 exd3 6. Nxd3 Nf6 7. Nc3 Qd8 8. Be2 Bd6 9. Bf4 O-O 10. O-O Bf5 11. Bxd6 Qxd6 12. Nb5 Qb6 13. a4 a6 14. Nc3 Nbd7 15. Qc1 Rfe8 16. Qg5 Bg6 17. Rfe1 Bxd3 18. Bxd3 Qxb2 19. Ne4 Nxe4 20. Bxe4 Nf6 21. Bd3 Qc3 22. Red1 Rad8 23. h4 h6 24. Qg3 Qc5 25. Rab1 b6 26. Rd2 Ne4 27. Bxe4 Rxd2 28. Bd3 a5 29. Qf4 Qc3 30. Qf5 g6 31. Qf4 Kg7 32. Rb3 Re1+ 33. Kh2 Qe5 34. Qxe5+ Rxe5 35. Kg3 Rc5 36. Kf3 Rcxc2 37. Bxc2 Rxc2 38. g3 Kf6 39. Re3 Rc4 40. Ra3 c6 41. Ke3 Rb4 42. Rc3 c5 43. Ra3 Ke5 44. Kd3 c4+ 45. Kd2 Kd4 46. Rf3 f5 47. Rf4+ Kd5 48. Kc3 Rxa4 49. g4 Ra3+ 50. Kc2 b5 51. gxf5 gxf5 52. Rxf5+ Kd4 53. Rxb5 Ra2+ 54. Kb1 Rxf2 55. Rxa5 Kd3 56. Ra6 h5 57. Rd6+ Kc3 58. Rd5 Kb3 59. Rb5+ Kc3 60. Rxh5 Rf1+ 61. Ka2 Kc2 62. Rc5 c3 63. h5 Rf7 64. Ka3 Ra7+ 65. Kb4 Rb7+ 66. Ka3 Kd2 67. Rd5+ Kc1 68. h6 c2 69. Rc5 Kb1 70. h7 Rxh7 71. Rb5+ Kc1 72. Kb3 Rh3+ 73. Ka2 Kd2 74. Rd5+ Rd3 75. Rh5 c1=Q 76. Rh2+ Kc3 77. Rb2 Qxb2# 0-1

[Event "December 19 Late 2023"]
[Site "https://www.chess.com"]
[Date "2023.12.19"]
[Round "3"]
[White "Nery Junior, Jose Antonio"]
[Black "Kniazev, Igor"]
[Result "1/2-1/2"]
[Board "165"]
[TimeControl "180+1"]
[WhiteFideId "2104822"]
[BlackFideId "4136349"]
[WhiteElo "2197"]
[BlackElo "1853"]
[WhiteTeam "BRA"]
[BlackTeam "RUS"]
[WhiteClock "0:00:11"]
[BlackClock "0:00:08"]

1. e4 e5 2. Nf3 Nf6 3. Bc4 Nxe4 4. Nc3 Nxc3 5. dxc3 f6 6. Nh4 g6 7. O-O c6 8. f4 d5 9. Bb3 Bc5+ 10. Kh1 O-O 11. fxe5 fxe5 12. Rxf8+ Qxf8 13. Bxd5+ cxd5 14. Qxd5+ Qf7 15. Qxc5 Qf1+ 16. Qg1 Qxg1+ 17. Kxg1 e4 18. Kf2 Nc6 19. Ke3 g5 20. Kxe4 gxh4 21. Bf4 Bg4 22. Bd6 Re8+ 23. Kf4 h5 24. h3 Bc8 25. Kg5 Re6 26. Ba3 Re2 27. Rg1 Rxc2 28. Kxh5 Ne5 29. Kxh4 Nc4 30. Bc5 b6 31. Bd4 Rxb2 32. Re1 Kf7 33. g4 Rh2 34. Kg3 Rxa2 35. h4 a5 36. h5 a4 37. g5 Bf5 38. Rf1 Ke6 39. g6 Nd2 40. Rxf5 Kxf5 41. g7 Ne4+ 42. Kf3 Nd2+ 43. Ke3 Nf1+ 44. Kf3 Nd2+ 45. Kg2 Ne4+ 46. Kh3 Ng5+ 47. Kg3 Ne4+ 48. Kf3 Nd2+ 1/2-1/2

[Event "December 19 Late 2023"]
[Site "https://www.chess.com"]
[Date "2023.12.19"]
[Round "3"]
[White "Vargas Rodriguez, Wilver"]
[Black "Gerbelli Neto, Eduardo"]
[Result "1-0"]
[Board "166"]
[TimeControl "180+1"]
[WhiteFideId "3509672"]
[BlackFideId "2103281"]
[WhiteElo "2210"]
[BlackElo "2178"]
[WhiteTeam "CUB"]
[BlackTeam "BRA"]
[WhiteClock "0:00:14"]
[BlackClock "0:00:06"]

1. e4 e5 2. Nf3 Nc6 3. Bb5 a6 4. Ba4 d6 5. Qe2 Be7 6. c3 f5 7. d3 Nf6 8. O-O b5 9. Bb3 Na5 10. Bc2 O-O 11. b4 Nc6 12. Bb3+ Kh8 13. Ng5 Qe8 14. Ne6 Bxe6 15. Bxe6 f4 16. f3 Nd8 17. Bb3 c5 18. a4 Nc6 19. bxc5 dxc5 20. axb5 axb5 21. Rxa8 Qxa8 22. Bd5 Rd8 23. c4 Nd4 24. Qb2 Nxd5 25. exd5 b4 26. Nd2 Qa4 27. Ne4 b3 28. Bd2 Qa2 29. Qxa2 bxa2 30. Ra1 Ra8 31. Nc3 Nb3 32. Rxa2 Rxa2 33. Nxa2 Nxd2 34. Kf2 Nb3 35. Nc3 Kg8 36. Ne4 Kf7 37. Ke2 Ke8 38. Kd1 Kd7 39. Kc2 Na5 40. Kc3 Bd6 41. g3 fxg3 42. hxg3 h6 43. g4 Nb7 44. Ng3 g6 45. Ne4 Nd8 46. Nf6+ Kc7 47. Ne8+ Kd7 48. Nf6+ Kc8 49. Ne4 Nf7 50. Kd2 h5 51. gxh5 gxh5 52. Ke3 Kc7 53. Kf2 Bf8 54. Nf6 h4 55. Ne4 Bh6 56. Nxc5 Bf4 57. Ne6+ Kd6 58. Kg2 Ng5 59. Ng7 Be3 60. Nf5+ Kc5 61. Nxe3 h3+ 62. Kg3 h2 63. Kxh2 Nxf3+ 64. Kg3 Ne1 65. Ng4 Nxd3 66. Kf3 Kxc4 67. d6 e4+ 68. Kxe4 Nc5+ 69. Ke5 Nd7+ 70. Ke6 Nc5+ 71. Ke7 Kd5 72. Nf6+ Kc6 73. Ne8 Kd5 74. Nc7+ Kc6 75. Ne6 Nb7 76. d7 Kd5 77. Nd8 Ke5 78. Nxb7 Kd5 79. d8=Q+ Kc4 80. Qd6 Kb5 81. Nd8 Kc4 82. Qc6+ Kd4 83. Qe6 Kc5 84. Kd7 Kb5 85. Kc7 Kc5 86. Qc6+ Kd4 87. Qb5 Ke4 88. Qc5 Kd3 89. Qb4 Ke3 90. Qc4 Kd2 91. Qb3 Kc1 92. Qa2 Kd1 93. Qb2 Ke1 94. Qc2 Kf1 95. Qd2 Kg1 96. Qe2 Kh1 97. Kd6 Kg1 98. Ke5 Kh1 99. Kf4 Kg1 100. Kg3 1-0

[Event "December 19 Late 2023"]
[Site "https://www.chess.com"]
[Date "2023.12.19"]
[Round "3"]
[White "Chess_Star1234"]
[Black "Sailer, Mike"]
[Result "1-0"]
[Board "167"]
[TimeControl "180+1"]
[BlackFideId "2012901"]
[WhiteElo "2354"]
[BlackElo "2109"]
[BlackTeam "USA"]
[WhiteClock "0:00:09"]
[BlackClock "0:00:00"]

1. d4 d5 2. c4 Bf5 3. cxd5 Bxb1 4. Qa4+ c6 5. Rxb1 Qxd5 6. Nf3 Nf6 7. e3 e6 8. Bd2 Nbd7 9. Be2 Bd6 10. O-O Ne4 11. Bc3 O-O 12. Rfc1 Qh5 13. Qc2 Ndf6 14. h3 Qh6 15. Bd3 Ng5 16. Ne5 Rfd8 17. f4 Nxh3+ 18. gxh3 Qxh3 19. Re1 Bxe5 20. fxe5 Ng4 21. Qg2 Qh4 22. Rbd1 Rf8 23. Be4 f5 24. Bf3 h5 25. Bxg4 hxg4 26. Qh2 Qg5 27. Qg3 Qg6 28. Kg2 Kf7 29. Rh1 c5 30. Rh2 cxd4 31. exd4 Rad8 32. Rdh1 Rd5 33. Qf4 Rfd8 34. Rh8 Rxh8 35. Rxh8 Rd7 36. Qh2 Qg5 37. Qh5+ Qxh5 38. Rxh5 Kg6 39. Rh8 Kg5 40. Rf8 Kf4 41. Kf2 Ke4 42. Kg3 g5 43. Rg8 Rh7 44. Rxg5 Rh3+ 45. Kg2 Rd3 46. Rg6 Kf4 47. Rxe6 Re3 48. Bd2 Ke4 49. Bxe3 Kxe3 50. Rf6 f4 51. e6 1-0

[Event "December 19 Late 2023"]
[Site "https://www.chess.com"]
[Date "2023.12.19"]
[Round "3"]
[White "Novikova, Margarita"]
[Black "Hoffmann, Asa"]
[Result "1-0"]
[Board "168"]
[TimeControl "180+1"]
[WhiteFideId "14109689"]
[BlackFideId "2001470"]
[WhiteElo "2090"]
[BlackElo "2117"]
[WhiteTeam "GER"]
[BlackTeam "USA"]
[WhiteClock "0:00:08"]
[BlackClock "0:00:00"]

1. e4 d6 2. d4 Nf6 3. Nc3 c6 4. h3 Nbd7 5. Nf3 e5 6. Be2 Be7 7. O-O b5 8. a3 a6 9. dxe5 dxe5 10. Be3 Bb7 11. Qd2 Qc7 12. Rad1 O-O 13. Bg5 Rfd8 14. Qe3 Bc5 15. Qc1 h6 16. Bh4 Be7 17. Rd2 Nf8 18. Rfd1 Ne6 19. Bg3 Nf4 20. Rxd8+ Rxd8 21. Rxd8+ Bxd8 22. Nxe5 Nxe2+ 23. Nxe2 Nxe4 24. Bf4 Bg5 25. Bxg5 Nxg5 26. Qe3 c5 27. f4 Ne6 28. Ng3 Qd6 29. Kh2 Qd4 30. Qxd4 Nxd4 31. c3 Ne6 32. f5 Nf4 33. Nd7 c4 34. Nc5 Bc8 35. f6 g6 36. Nge4 Kf8 37. Nd6 Be6 38. Nxa6 Nd3 39. Nxb5 Nxb2 40. Nc5 Nd1 41. a4 Bd5 42. a5 Ke8 43. a6 Kd8 44. a7 Kc8 45. Nd6+ Kc7 46. Nb5+ Kb6 47. Nd6 Kxc5 48. Nxf7 Bxf7 49. a8=Q Bd5 50. Qc8+ Kd6 51. Qd8+ Ke6 52. Qe7+ Kf5 53. f7 Bxf7 54. Qxf7+ Ke4 55. Qxc4+ Ke3 56. Qe6+ Kd3 57. c4 Ne3 58. c5 Nf5 59. c6 Nd4 60. Qd5 Ke3 61. Qxd4+ Kxd4 62. c7 1-0

[Event "December 19 Late 2023"]
[Site "https://www.chess.com"]
[Date "2023.12.19"]
[Round "3"]
[White "Ivanov, Aleksandr"]
[Black "Chlpik, Martin"]
[Result "1-0"]
[Board "169"]
[TimeControl "180+1"]
[WhiteFideId "2092980"]
[BlackFideId "14923351"]
[WhiteElo "2093"]
[BlackElo "2109"]
[WhiteTeam "USA"]
[BlackTeam "SVK"]
[WhiteClock "0:00:01"]
[BlackClock "0:01:26"]

1. d4 Nf6 2. c4 c5 3. d5 e6 4. Nc3 exd5 5. cxd5 Bd6 6. e4 O-O 7. Nf3 Re8 8. Bd3 c4 9. Bc2 b5 10. a3 Na6 11. O-O Nc5 12. Re1 Rb8 13. e5 Bxe5 14. Nxe5 Qc7 15. d6 Qb6 16. Bf4 Ne6 17. Be3 Qa5 18. Ng4 Nxg4 19. Qxg4 b4 20. Ne4 f5 21. Nf6+ Kf7 22. Bxf5 Kxf6 23. Qh4+ Kf7 24. Qh5+ Kf8 25. Qxh7 Bb7 26. Bg6 1-0

[Event "December 19 Late 2023"]
[Site "https://www.chess.com"]
[Date "2023.12.19"]
[Round "3"]
[White "Gardezi, Arsal"]
[Black "Botez, Alexandra"]
[Result "1-0"]
[Board "170"]
[TimeControl "180+1"]
[WhiteFideId "30949521"]
[BlackFideId "2603365"]
[WhiteElo "1906"]
[BlackElo "2040"]
[WhiteTeam "USA"]
[BlackTeam "CAN"]
[WhiteClock "0:01:07"]
[BlackClock "0:01:14"]

1. Nf3 d5 2. d4 Nf6 3. Bf4 Bf5 4. Nbd2 c6 5. e3 e6 6. Ne5 Nbd7 7. Bd3 Bxd3 8. Nxd3 c5 9. c3 c4 10. Ne5 Nxe5 11. Bxe5 Bd6 12. Bg3 Qc7 13. Qf3 b5 14. e4 dxe4 15. Nxe4 Nxe4 16. Qxe4 O-O 17. O-O Bxg3 18. hxg3 a5 19. a4 b4 20. Rac1 Rfb8 21. d5 exd5 22. Qxd5 Ra6 23. Rfe1 h6 24. cxb4 Rxb4 25. Re8+ Kh7 26. Qe4+ Rg6 27. Qa8 Rf6 28. Rh8+ Kg6 29. Qe4+ Rf5 30. g4 Qf4 31. gxf5+ Qxf5 32. Qxf5+ Kxf5 33. Rc8 Rxa4 34. R8xc4 Ra2 35. R1c2 Kg6 36. Rc5 f5 37. g3 Kg5 38. Kg2 g6 39. Rb5 Kh5 40. Rcc5 Kg5 41. b3 Ra3 42. Rc6 a4 43. bxa4 Rxa4 44. Rbb6 f4 45. Rxg6+ Kf5 46. Rgf6+ Ke5 47. Rxf4 Ra1 48. Rxh6 Ra7 49. Rh5+ Ke6 50. Re4+ 1-0

[Event "December 19 Late 2023"]
[Site "https://www.chess.com"]
[Date "2023.12.19"]
[Round "3"]
[White "Oliveira, Tiago Batista"]
[Black "Ardila, Oscar Humberto"]
[Result "0-1"]
[Board "171"]
[TimeControl "180+1"]
[WhiteFideId "2108291"]
[BlackFideId "4404742"]
[WhiteElo "1962"]
[BlackElo "1915"]
[WhiteTeam "BRA"]
[BlackTeam "COL"]
[WhiteClock "0:00:00"]
[BlackClock "0:00:13"]

1. d4 Nf6 2. c4 e6 3. Nf3 Bb4+ 4. Bd2 Qe7 5. g3 Ne4 6. Bg2 Nxd2 7. Nfxd2 c6 8. O-O d5 9. e4 dxe4 10. Nxe4 O-O 11. Nbc3 Nd7 12. Qc2 Nf6 13. c5 Nd5 14. Nd6 Rb8 15. Rfe1 Qf6 16. Rad1 Bd7 17. Be4 g6 18. h4 h5 19. Bd3 Kg7 20. Re5 Bxc3 21. bxc3 b6 22. Rg5 Be8 23. Qe2 Nxc3 24. Qxh5 Rh8 25. Qg4 Nxd1 26. Qxd1 bxc5 27. dxc5 Rb2 28. Bc2 Qc3 29. Nxe8+ Rxe8 30. Bxg6 fxg6 31. Qd7+ Kf8 32. Rxg6 Qe1+ 33. Kh2 Qxf2+ 34. Kh3 Qf5+ 35. Rg4 Rb4 36. Qd6+ Re7 37. Qd8+ Kf7 38. Qd2 Qxg4+ 0-1

[Event "December 19 Late 2023"]
[Site "https://www.chess.com"]
[Date "2023.12.19"]
[Round "3"]
[White "De Souza, Arthur Olintho"]
[Black "Pace, Christopher"]
[Result "0-1"]
[Board "172"]
[TimeControl "180+1"]
[WhiteFideId "2116200"]
[BlackFideId "2610167"]
[WhiteElo "2056"]
[BlackElo "2345"]
[WhiteTeam "BRA"]
[BlackTeam "CAN"]
[WhiteClock "0:02:10"]
[BlackClock "0:02:10"]

1. e4 e5 2. Nf3 Nc6 3. d4 exd4 4. Nxd4 Bc5 5. Nxc6 Qf6 6. Qf3 dxc6 7. Qxf6 Nxf6 8. Bd3 Be6 9. O-O O-O-O 10. Nc3 Rhe8 11. h3 Bd4 12. Bg5 h6 13. Bh4 g5 14. Bg3 Nd7 15. Kh1 Nc5 16. Rad1 Nxd3 17. Rxd3 Bc4 18. f4 Bxd3 0-1

[Event "December 19 Late 2023"]
[Site "https://www.chess.com"]
[Date "2023.12.19"]
[Round "3"]
[White "Ghosh, Chanchal Kumer"]
[Black "Fitol, Szymon"]
[Result "0-1"]
[Board "173"]
[TimeControl "180+1"]
[WhiteFideId "10201858"]
[BlackFideId "41857038"]
[WhiteElo "2067"]
[BlackElo "2335"]
[WhiteTeam "BAN"]
[BlackTeam "POL"]
[WhiteClock "0:00:00"]
[BlackClock "0:00:33"]

1. e4 d6 2. Nf3 g6 3. d4 Bg7 4. c4 c5 5. dxc5 dxc5 6. Qxd8+ Kxd8 7. Nc3 Nc6 8. Be3 Nd4 9. Bxd4 cxd4 10. Nb5 e5 11. c5 Ke7 12. Nd6 b6 13. Bc4 Nh6 14. Bd5 Rb8 15. b4 Be6 16. Nc4 bxc5 17. bxc5 Rhc8 18. c6 Rb5 19. Ncxe5 Bxd5 20. exd5 Rxd5 21. Nd3 Rxc6 22. Nb4 Re6+ 23. Kd2 Rd7 24. Rae1 Nf5 25. Kd3 h5 26. Ng5 Rxe1 27. Rxe1+ Kd8 28. Nc6+ Kc8 29. Ne5 Bxe5 30. Rxe5 Rb7 31. Rc5+ Kd7 32. Nxf7 Rb2 33. Ra5 Rxf2 34. Rxa7+ Kc6 35. Ne5+ Kb6 36. Ra4 Rxg2 37. Rb4+ Kc5 38. a3 Rxh2 39. Nxg6 Rh3+ 40. Ke4 Nd6+ 41. Kf4 Rxa3 42. Rb8 d3 0-1

[Event "December 19 Late 2023"]
[Site "https://www.chess.com"]
[Date "2023.12.19"]
[Round "3"]
[White "Joel Paul Ganta"]
[Black "Levine, David"]
[Result "0-1"]
[Board "174"]
[TimeControl "180+1"]
[WhiteFideId "35066145"]
[BlackFideId "2011611"]
[WhiteElo "1891"]
[BlackElo "2047"]
[WhiteTeam "IND"]
[BlackTeam "USA"]
[WhiteClock "0:00:00"]
[BlackClock "0:00:45"]

1. e4 e5 2. Nf3 Nc6 3. Bb5 a6 4. Ba4 Nf6 5. O-O Be7 6. Re1 b5 7. Bb3 d6 8. h3 O-O 9. c3 Bb7 10. d4 Re8 11. Be3 Bf8 12. dxe5 Nxe5 13. Nxe5 dxe5 14. f3 c5 15. Nd2 c4 16. Bc2 Qc7 17. Nf1 Bc5 18. Qe2 Rad8 19. Rad1 h6 20. Qf2 Nd7 21. Rxd7 Rxd7 22. Bxc5 Qc6 23. Ng3 a5 24. Be3 b4 25. Nf5 Re6 26. Qe2 Ba6 27. Rd1 h5 28. Rxd7 Qxd7 29. Qd1 Qxd1+ 30. Bxd1 g6 31. Ng3 Rd6 32. Be2 bxc3 33. bxc3 Rd8 34. Kf2 Rb8 35. Bc5 Rb2 36. Bd6 f6 37. Nf1 Rxa2 38. Ne3 a4 39. Ke1 a3 40. Nxc4 Rxe2+ 41. Kxe2 Bxc4+ 42. Kd2 a2 0-1

[Event "December 19 Late 2023"]
[Site "https://www.chess.com"]
[Date "2023.12.19"]
[Round "3"]
[White "Stead, Kerry"]
[Black "Munoz Sanchez, Miguel"]
[Result "0-1"]
[Board "175"]
[TimeControl "180+1"]
[WhiteFideId "3202577"]
[BlackFideId "3600734"]
[WhiteElo "1997"]
[BlackElo "2124"]
[WhiteTeam "AUS"]
[BlackTeam "ECU"]
[WhiteClock "0:00:05"]
[BlackClock "0:01:10"]

1. d4 Nf6 2. f3 d5 3. e4 dxe4 4. Nc3 exf3 5. Nxf3 Bg4 6. h3 Bxf3 7. Qxf3 c6 8. Qf2 e6 9. Bg5 Nbd7 10. Bd3 Be7 11. O-O Qa5 12. Qh4 h6 13. Ne4 O-O-O 14. Bxf6 Nxf6 15. c3 Nd5 16. Qg3 f5 17. Nd2 Bf6 18. Nc4 Qc7 19. Qxc7+ Kxc7 20. Rae1 Rhe8 21. Ne5 Bxe5 22. Rxe5 Kd6 23. Rfe1 Nc7 24. g4 fxg4 25. hxg4 Rf8 26. Kg2 Rf4 27. Kg3 Rdf8 28. R1e3 g5 29. Be2 Kd7 30. Rf3 Rxf3+ 31. Bxf3 Nd5 32. a3 Kd6 33. Re1 Nf4 34. Rh1 Rf6 35. Rh2 Nd3 36. Be4 Nf4 37. Bf3 e5 38. dxe5+ Kxe5 39. Rd2 Nd5 40. c4 Ne3 41. Be2 Rf4 42. Rd7 b6 43. Rxa7 Nxc4 44. Rh7 Nd2 45. Rxh6 Ne4+ 46. Kh3 Rf2 47. Bd3 Rf3+ 48. Kg2 Rg3+ 49. Kf1 Rxd3 50. Rxc6 Rd6 51. Rc4 Kf4 52. Ke2 b5 53. Ra4 bxa4 0-1

[Event "December 19 Late 2023"]
[Site "https://www.chess.com"]
[Date "2023.12.19"]
[Round "3"]
[White "Chiquitita23"]
[Black "Ward, Ieuan C"]
[Result "0-1"]
[Board "176"]
[TimeControl "180+1"]
[BlackFideId "406627"]
[WhiteElo "2022"]
[BlackElo "2324"]
[BlackTeam "ENG"]
[WhiteClock "0:00:00"]
[BlackClock "0:00:47"]

1. e4 d5 2. exd5 Qxd5 3. Nf3 Nf6 4. d4 c6 5. c4 Qa5+ 6. Bd2 Qc7 7. Bd3 Bg4 8. h3 Bh5 9. O-O e6 10. Nc3 Be7 11. Re1 O-O 12. a3 Nbd7 13. b4 Rad8 14. Be2 Rfe8 15. Ne5 Nxe5 16. dxe5 Bxe2 17. Qxe2 Nd7 18. f4 c5 19. b5 Nf8 20. a4 Ng6 21. a5 Bf8 22. Reb1 Qd7 23. Ne4 Qd4+ 24. Kh1 Qd3 25. Qxd3 Rxd3 26. b6 a6 27. Re1 Rd4 28. Rac1 Red8 29. Re2 Rxe4 30. Rxe4 Rxd2 31. g4 h6 32. f5 Ne7 33. fxe6 fxe6 34. Rf1 Nc6 35. h4 Be7 36. h5 Nxa5 0-1

[Event "December 19 Late 2023"]
[Site "https://www.chess.com"]
[Date "2023.12.19"]
[Round "3"]
[White "Gulamirian, Korun"]
[Black "Antonio, Jorge Carlos"]
[Result "0-1"]
[Board "177"]
[TimeControl "180+1"]
[WhiteFideId "4144899"]
[BlackFideId "113190"]
[WhiteElo "1621"]
[BlackElo "2247"]
[WhiteTeam "RUS"]
[BlackTeam "ARG"]
[WhiteClock "0:00:00"]
[BlackClock "0:00:37"]

1. e4 e5 2. Nf3 Nc6 3. Bc4 f5 4. d3 Nf6 5. Bg5 h6 6. Bxf6 Qxf6 7. Nc3 Bb4 8. O-O f4 9. Nd5 Qd6 10. a3 Bc5 11. b4 Bb6 12. c3 Ne7 13. Nxb6 axb6 14. d4 Ng6 15. dxe5 Nxe5 16. Nxe5 Qxe5 17. Qd4 d6 18. f3 Ke7 19. Qd3 Be6 20. a4 g5 21. Bxe6 Qxe6 22. a5 bxa5 23. Rxa5 Rxa5 24. bxa5 Ra8 25. Qb5 Ra7 26. Ra1 Qe5 27. Qc4 Qc5+ 28. Qxc5 dxc5 29. Kf2 Ra6 30. c4 Kd6 31. g3 Ke5 32. Rd1 c6 33. Rd7 Rxa5 34. gxf4+ gxf4 35. Rxb7 Ra2+ 36. Kg1 Kd4 37. Rh7 Ke3 38. h4 Kxf3 39. Rxh6 Ke2 40. Rxc6 f3 41. Rf6 Ra1+ 42. Kh2 f2 43. Kg3 f1=Q 44. Rxf1 Rxf1 0-1

[Event "December 19 Late 2023"]
[Site "https://www.chess.com"]
[Date "2023.12.19"]
[Round "3"]
[White "Nielsen, Viktor Haarmark"]
[Black "Reinecke, Katharina"]
[Result "1-0"]
[Board "178"]
[TimeControl "180+1"]
[WhiteFideId "1444492"]
[BlackFideId "12929727"]
[WhiteElo "2315"]
[BlackElo "1761"]
[WhiteTeam "DEN"]
[BlackTeam "GER"]
[WhiteClock "0:02:12"]
[BlackClock "0:01:10"]

1. e4 c6 2. d4 d5 3. Nc3 b5 4. a3 dxe4 5. Nxe4 Bf5 6. Ng3 Bg6 7. h4 h6 8. Nf3 Nd7 9. h5 Bh7 10. Bd3 Bxd3 11. Qxd3 e6 12. Bd2 Ngf6 13. Ne4 Be7 14. O-O-O O-O 15. g4 Nxe4 16. Qxe4 c5 17. g5 hxg5 18. h6 g6 19. h7+ Kh8 20. dxc5 Nxc5 21. Bc3+ Bf6 22. Rxd8 Nxe4 23. Rxa8 Rxa8 24. Nxg5 Rf8 25. Nxe4 Bxc3 26. Nxc3 f5 27. Nxb5 Rf7 28. Nd6 Rxh7 29. Rxh7+ Kxh7 30. c4 g5 31. c5 1-0

[Event "December 19 Late 2023"]
[Site "https://www.chess.com"]
[Date "2023.12.19"]
[Round "3"]
[White "Desideri, Ricardo Maruchi"]
[Black "Crispin Ferreras, Darvi Abraham"]
[Result "0-1"]
[Board "179"]
[TimeControl "180+1"]
[WhiteFideId "2110440"]
[BlackFideId "6402771"]
[WhiteElo "1945"]
[BlackElo "2149"]
[WhiteTeam "BRA"]
[BlackTeam "DOM"]
[WhiteClock "0:00:55"]
[BlackClock "0:02:27"]

1. e4 e5 2. f4 d5 3. exd5 e4 4. d3 exd3 5. Bxd3 Nf6 6. c4 Bc5 7. Nf3 O-O 8. h3 Re8+ 9. Kf1 c6 10. Nc3 cxd5 11. cxd5 Nbd7 12. a3 a5 13. g4 Nb6 14. Rh2 Nfxd5 15. Nxd5 Nxd5 16. Ne5 Be6 17. f5 Bd7 18. Nxd7 Qxd7 19. Bf4 Nxf4 0-1